 Seeded DCSS version 0.29.1-15-g9cfb28693d (webtiles) character file.

Game seed: 11851575853161599096 (custom seed)

216752 Sanktem7 the Executioner (level 19, 0/157 HPs)
             Began as a Formicid Fighter on Mar 18, 2023.
             Was the Champion of Okawaru.
             Killed from afar by a manticore (10 damage)
             ... with a volley of spikes
             ... on level 4 of the Shoals.
             The game lasted 01:19:47 (43425 turns).

Sanktem7 the Executioner (Formicid Fighter)        Turns: 43425, Time: 01:19:47

Health: 0/157      AC: 47    Str: 24    XL:     19   Next: 80%
Magic:  0/27       EV:  7    Int: 10    God:    Okawaru [******]
Gold:   3845       SH: 19    Dex: 16    Spells: 18/18 levels left

rFire   + + .      SeeInvis +   r - +7 executioner's axe (freeze) {axerare=g}
rCold   . . .      Faith    .   P - +4 kite shield of Gestures {rF+ Dex+3}
rNeg    . . .      Spirit   +   w - +15 Maxwell's patent armour {-Cast -Tele rElec Will+ rCorr}
rPois   .          Reflect  .   (helmet unavailable)
rElec   +          Harm     .   q - +2 cloak {rF+}
rCorr   +          Rampage  .   z - +2 pair of gloves {infuse}
Will    +++++      NoCast   +   l - +2 pair of boots {Stlth+}
Stlth   ..........              G - amulet of the Distant Future {Spirit -Cast Will+++ Str-3 Stlth+}
HPRegen 0.36/turn               K - +4 ring of protection
MPRegen 0.20/turn               s - +4 ring of slaying

@: spiked, studying Short Blades
A: permanent stasis, dig shafts and tunnels, antennae 3, four strong arms
}: 1/15 runes: serpentine
a: Dig, Shaft Self, Renounce Religion, Heroism, Finesse, Duel


You were on level 4 of the Shoals.
You worshipped Okawaru.
Okawaru was exalted by your worship.
You visited 6 branches of the dungeon, and saw 31 of its levels.
You also visited: Gauntlet and Volcano.

You collected 4934 gold pieces.
You spent 1089 gold pieces at shops.


Innate Abilities, Weirdness & Mutations

You cannot be hasted, slowed, berserked, paralysed or teleported.
You can dig through walls and to a lower floor.
You have a pair of large antennae on your head. (SInv)
Your four strong arms can wield two-handed weapons with a shield.


   Skills:
 + Level 15.9 Fighting
 * Level 21.5 Axes
 - Level 10.0 Throwing
 + Level 15.8 Armour
 + Level 18.5 Shields
 + Level 11.4 Invocations


You had 18 spell levels left.
You didn't know any spells.
Your spell library contained the following spells:

 Spells                   Type           Power      Damage    Failure   Level
 Apportation              Tloc           0%         N/A       98%         1
 Magic Dart               Conj           0%         1d3       98%         1
 Necrotise                Necr           0%         1d4       98%         1
 Shock                    Conj/Air       0%         1d3       98%         1
 Searing Ray              Conj           0%         2d4       99%         2
 Static Discharge         Conj/Air       0%         3-3/arc   99%         2
 Dazzling Flash           Conj/Hex       0%         N/A       100%        3
 Gell's Gravitas          Tloc           0%         N/A       100%        3
 Ignite Poison            Fire/Tmut/Pois 0%         N/A       100%        3
 Lesser Beckoning         Tloc           0%         N/A       100%        3
 Mephitic Cloud           Conj/Pois/Air  0%         N/A       100%        3
 Teleport Other           Tloc           0%         N/A       100%        3
 Vampiric Draining        Necr           0%         2d6       100%        3
 Airstrike                Air            0%         2d(0-16)  100%        4
 Anguish                  Hex/Necr       0%         N/A       100%        4
 Fulminant Prism          Conj/Hex       0%         3d6       100%        4
 Hailstorm                Conj/Ice       0%         3d3       100%        4
 Ice Form                 Ice/Tmut       0%         N/A       100%        4
 Iskenderun's Mystic Bla  Conj/Tloc      0%         2d3       100%        4
 Leda's Liquefaction      Hex/Erth       0%         N/A       100%        4
 Agony                    Necr           0%         N/A       100%        5
 Alistair's Intoxication  Tmut/Pois      0%         N/A       100%        5
 Borgnjor's Vile Clutch   Necr/Erth      0%         N/A       100%        5
 Freezing Cloud           Conj/Ice/Air   0%         6-21      100%        5
 Iskenderun's Battlesphe  Conj           0%         2d6       100%        5
 Lee's Rapid Deconstruct  Erth           0%         3d5*      100%        5
 Lightning Bolt           Conj/Air       0%         1d11      100%        5
 Dispersal                Tloc           0%         N/A       100%        6
 Eringya's Noxious Bog    Tmut/Pois      0%         N/A       100%        6
 Iron Shot                Conj/Erth      0%         9d1       100%        6
 Starburst                Conj/Fire      0%         6d3       100%        6
 Statue Form              Tmut/Erth      0%         N/A       100%        6
 Enfeeble                 Hex            0%         N/A       100%        7
 Disjunction              Tloc           0%         N/A       100%        8
 Maxwell's Capacitive Co  Air            0%         ∞         100%        8
 Summon Small Mammal      Summ           Unusable   N/A       N/A         1
 Swiftness                Air            Unusable   N/A       N/A         3
 Simulacrum               Ice/Necr       Unusable   N/A       N/A         6
 Spellforged Servitor     Conj/Summ      Unusable   N/A       N/A         7

Inventory:

Hand Weapons
 f - a +1 whip of flaming {mace}
   (You took it off a gnoll bouda on level 8 of the Dungeon)
 r - a +7 executioner's axe of freezing (weapon) {axerare=g}
   (You acquired it on level 8 of the Dungeon)
 C - the +10 war axe of Jadwynerr {freeze, rPois Will++ Str+2 SInv, axe}
   (Okawaru gifted it to you on level 5 of the Lair of Beasts)

   It freezes those it strikes, dealing additional cold damage.
   It can also slow down cold-blooded creatures.
   Str:       It affects your strength (+2).
   rPois:     It protects you from poison.
   SInv:      It lets you see invisible.
   Will:      It greatly increases your willpower.
Missiles
 a - 2 throwing nets {=f!fthrowing}
 h - 17 boomerangs (quivered) {throwing}
 i - a boomerang of dispersal {=f!fthrowing}
 m - a silver boomerang {throwing}
 L - 12 javelins {throwing}
 Q - 13 silver javelins {throwing}
Armour
 l - a +2 pair of boots of stealth (worn)
   (Okawaru gifted it to you on level 9 of the Dungeon)
 q - a +2 cloak of fire resistance (worn)
   (You found it in a volcano)
 w - the +15 Maxwell's patent armour (worn) {-Cast -Tele rElec Will+ rCorr}
   (You found it on level 3 of the Dungeon)

   rElec:     It insulates you from electricity.
   -Cast:     It prevents spellcasting.
   -Tele:     It prevents most forms of teleportation.
   rCorr:     It protects you from acid and corrosion.
   Will:      It increases your willpower.
 z - a +2 pair of gloves of infusion (worn)
   (You acquired it on level 2 of the Orcish Mines)
 P - the +4 kite shield of Gestures (worn) {rF+ Dex+3}
   (Okawaru gifted it to you in a Gauntlet)

   Dex:       It affects your dexterity (+3).
   rF:        It protects you from fire.
Magical Staves
 c - a staff of fire {!astaff}
   (You found it on level 3 of the Shoals)
Jewellery
 s - a +4 ring of slaying (right hand)
   (You found it on level 1 of the Dungeon)
 G - the amulet of the Distant Future (around neck) {Spirit -Cast Will+++ Str-3 Stlth+}
   (You found it on level 5 of the Lair of Beasts)

   [amulet of guardian spirit]

   It causes incoming damage to be divided between your reserves of health and
   magic.
   Str:       It affects your strength (-3).
   -Cast:     It prevents spellcasting.
   Will:      It greatly increases your willpower.
   Stlth:     It makes you more stealthy.
 K - a +4 ring of protection (left hand)
   (You found it on level 2 of the Shoals)
Wands
 b - a wand of paralysis (59)
   (You found it on level 4 of the Dungeon)
 t - a wand of light (21)
   (You found it on level 14 of the Dungeon)
 D - a wand of flame (93)
   (You took it off an orc on level 6 of the Dungeon)
 I - a wand of iceblast (27)
   (You took it off Maurice on level 8 of the Dungeon)
 T - a wand of polymorph (17)
   (You found it in a Gauntlet)
 V - a wand of mindburst (11)
   (You found it on level 1 of the Lair of Beasts)
 X - a wand of digging (2)
   (You found it on level 2 of the Lair of Beasts)
Scrolls
 k - 18 scrolls of identify {@r1}
 n - 6 scrolls of fog
 p - 4 scrolls of poison {!r}
 u - 4 scrolls of blinking {!r}
 y - 2 scrolls of immolation {!r!r}
 J - 4 scrolls of magic mapping {!r}
 O - 2 scrolls of enchant armour
 S - 4 scrolls of vulnerability {!r!r}
Potions
 d - 5 potions of might
 e - 21 potions of curing {@q1}
 g - 2 potions of resistance
 j - a potion of attraction {!q}
 o - 7 potions of mutation {!q}
 v - 5 potions of flight
 x - 2 potions of heal wounds {@q2}
 A - a potion of haste {@q3}
 B - a potion of brilliance
 E - 6 potions of invisibility
 H - 5 potions of ambrosia
 M - a potion of cancellation
 W - 4 potions of lignification {!q}
Miscellaneous
 U - a phantom mirror
   (You found it in a Gauntlet)
 Y - a phial of floods
   (You found it on level 5 of the Lair of Beasts)

Dungeon Overview and Level Annotations

Branches:
Dungeon (15/15) Zot: 25593  Temple (0/1) D:5            Lair (5/5) D:9 Zot: 21412
 Shoals (4/4) Lair:3 Zot: 17937   Snake (4/4) Lair:2 Zot: 18155   Slime (0/5) Lair:5
    Orc (2/2) D:12 Zot: 8009     Elf (1/3) Orc:2 Zot: 4242  Vaults (0/5) D:14
 Depths (0/4) D:15        Volcano (visited)         Gauntlet (visited)

Altars:
Cheibriados
Kikubaaqudgha
Okawaru
Uskayaw
Vehumet
Wu Jian
Yredelemnul
Jiyva

Shops:
D:4 [   D:5 [   D:7 *   D:15 [   Orc:1 !=?   Orc:2 ((?!   Snake:4 =:=

Annotations:
Snake:1 Roxanne
Snake:3 Mara
Elf:1 2 transporters, nshep25's ghost, journeyman MiFi

≈≈≈≈≈≈≈≈≈≈≈≈≈≈≈≈≈≈≈≈≈≈≈≈≈≈≈≈~~~~~
≈≈≈≈≈≈≈≈≈≈≈≈≈≈≈≈≈≈≈≈≈≈≈≈≈≈≈≈≈~~~~
≈≈≈≈≈≈≈≈≈≈≈≈≈≈≈≈≈≈≈≈≈≈≈≈≈≈≈≈≈~~~~
≈≈≈≈~~~~~~~~~~~~~~~~~~~~≈≈≈≈≈~~~~
≈≈≈~~~...............~~~~≈≈≈≈~~~~
≈≈~~~.......c~H....).<~~~~≈≈≈~~~~
≈~~~...#...km~mE..##...~~~~≈≈~~~~
~~~~m..##.HHmtmY~.##...~~~~≈≈~~~~
~~~~m<.c..cmmtmm@.)[.).~~~~≈≈~~~~
~~~~~.†Hcccc#m#~..)<..~~~~~≈≈~~~~
~~~~())~cHc##.#.......~~~~~≈≈~~~~
~~~~~)H~~YY#.?.#~~~~)~~~~~~≈≈~~~~
~~~~#c#..c.#.HY.).#.#.#~~~~≈≈~~~~
~~~.##..#.{{...#...####.~~~≈≈~~~~
~~.#.{...~.##.##.....~~##~~≈≈~~~~
~.#.{....~~~#c#......~~~#.~≈≈~~~~
##~{~...~~~~~...~~~~~~~~~#.≈~~~~~


You could see a minotaur, 2 merfolk impalers, 2 merfolk javelineers, 5 satyrs, 2
snapping turtles, a wind drake (repels missiles), 3 merfolk, a faun (strong), 3
manticores, a water elemental, a merfolk siren, a water nymph and 2 dream sheep.


Message History

* * * LOW HITPOINT WARNING * * *
The merfolk impaler hits you but does no damage.
The satyr plays a frightful melody on his pipes!
The satyr radiates an aura of fear!
You easily resist.
The dream sheep closely misses you.
You block the snapping turtle's attack. 😱 HP[-3]
You take 3 damage, and now have 31/157 hp.
You feel much better. You block the water nymph's attack.
You block the snapping turtle's attack.
The satyr plays a frightful melody on his pipes!
The satyr radiates an aura of fear!
You resist with almost no effort.
The dream sheep shake their wool and sparkle.
You feel drowsy...
You fall asleep.
The merfolk hits you from afar with a +0 trident!!
You wake up.
* * * LOW HITPOINT WARNING * * *
You block the snapping turtle's attack.
The merfolk siren hits you but does no damage.
The satyr plays a rousing melody on his pipes!
The satyr goes into a battle-frenzy! 😱 HP[-2]
You take 2 damage, and now have 29/157 hp.
Okay, then.
Your magical effects are unravelling.
You feel magically purged.
You feel your willpower return.
Your fear fades away.
The sentinel's mark upon you fades away.
A manticore comes into view.
The water nymph touches you. The water nymph drowns you!
* * * LOW HITPOINT WARNING * * *
The satyr plays a frightful melody on his pipes!
The satyr radiates an aura of fear!
You resist with almost no effort.
You block the merfolk javelineer's attack.
The snapping turtle bites you from afar.
* * * LOW HITPOINT WARNING * * *
The satyr plays a frightful melody on his pipes!
The satyr radiates an aura of fear!
You resist with almost no effort.
The dream sheep bites you but does no damage.
The snapping turtle bites you but does no damage.
You block the merfolk siren's attack. 😱 HP[-8] MP[+1]
You take 8 damage, and now have 21/157 hp.
The water nymph attacks as you move away!
You block the water nymph's attack.
The water nymph flows with the water.
Splash!
You fall into the shallow water.
Moving in this stuff is going to be slow.
The satyr plays a frightful melody on his pipes!
The satyr radiates an aura of fear!
You resist with almost no effort.
The merfolk siren chants a haunting song.
You resist with almost no effort.
A dream sheep comes into view.
The water nymph touches you. The water nymph drowns you!
* * * LOW HITPOINT WARNING * * *
You block the snapping turtle's attack.
The merfolk hits you but does no damage.
You block the merfolk javelineer's attack.
The snapping turtle bites you but does no damage. 😱 HP[-12] MP[-1]
You take 12 damage, and now have 9/157 hp.
You lost 1 mp, and now have 0/27 mp.
The dream sheep attacks as you move away!
You block the dream sheep's attack.
A satyr comes into view. It is wielding a +0 spear.
The satyr shouts!
You block the merfolk siren's attack.
The water nymph flows with the water.
The satyr plays a frightful melody on his pipes!
The satyr radiates an aura of fear!
You resist with almost no effort.
The satyr unwields a +0 spear.
The satyr wields a +0 longbow.
The satyr shoots an arrow.
The arrow hits you but does no damage.
The merfolk siren chants a haunting song.
You resist with almost no effort.
The manticore flicks its tail.
You block the volley of spikes.
The merfolk javelineer barely misses you.
The merfolk hits you but does no damage.
The water nymph touches you. The water nymph drowns you!
* * * LOW HITPOINT WARNING * * *
😱 HP[-8]
You take 8 damage, and now have 1/157 hp.
Okay, then.
Okay, then.
You feel much better.
The satyr no longer looks unusually strong.
The satyr shoots an arrow.
The arrow hits you!
* * * LOW HITPOINT WARNING * * *
The satyr plays a rousing melody on his pipes!
The satyr goes into a battle-frenzy!
The dream sheep barely misses you.
The merfolk siren chants a haunting song.
You resist with almost no effort.
The merfolk hits you from afar with a +0 trident.
* * * LOW HITPOINT WARNING * * *
The manticore flicks its tail.
The volley of spikes hits you!
The barbed spikes become lodged in your body.
You die...

Skill      XL: |  1  2  3  4  5  6  7  8  9 10 11 12 13 14 15 16 17 18 19 |
---------------+----------------------------------------------------------+-----
Axes           | 3 4 5 6 7 9 12 14 15 16 18 19 20 21 | 21.5
Throwing       | 1 2 3 4 5 7 8 9 10 | 10.0
Fighting       | 4 5 6 7 8 9 10 11 12 13 14 15 | 15.9
Armour         | 4 5 6 7 8 9 10 11 12 13 14 15 | 15.8
Shields        | 5 6 7 9 10 11 12 13 15 16 17 18 | 18.5
Invocations    | 3 5 6 8 10 11 | 11.4

Action                   |  1- 3 |  4- 6 |  7- 9 | 10-12 | 13-15 | 16-18 | 19-21 || total
-------------------------+-------+-------+-------+-------+-------+-------+-------++-------
Melee: War axe           |    20 |       |       |       |       |   421 |       ||   441
       Battleaxe         |    90 |   108 |   199 |    61 |       |       |       ||   458
       Executioner's axe |       |       |       |   224 |   688 |   584 |   270 ||  1766
       Whip              |       |       |       |       |    27 |       |       ||    27
Throw: Boomerang         |       |       |       |    12 |    16 |    47 |    67 ||   142
       Javelin           |       |       |       |       |       |     4 |     2 ||     6
Invok: Heroism           |       |       |       |     2 |     4 |     2 |     1 ||     9
 Abil: Dig               |       |       |       |     2 |       |       |       ||     2
  Use: Scroll            |       |       |       |     8 |    16 |     9 |     2 ||    35
       Potion            |       |       |       |       |     7 |     2 |     4 ||    13
Armor: Scale mail        |    55 |    10 |       |       |       |       |       ||    65
       Plate armour      |       |    40 |   143 |   224 |   351 |   425 |   357 ||  1540
Dodge: Dodged            |    99 |    73 |    95 |   163 |   194 |   246 |   162 ||  1032
Block: Buckler           |    31 |    32 |    66 |   201 |       |       |       ||   330
       Reflection        |       |       |       |    15 |    26 |     3 |       ||    44
       Kite shield       |       |       |       |    43 |   761 |   877 |   488 ||  2169

Levels and vault maps discovered:
D:1:      lightli_iron_boxes, layout_basic
D:2:      layout_rooms, shapermc_ecumenical_altar_flowoftime
D:3:      layout_basic, uniq_natasha
D:4:      layout_rooms, serial_shops, nicolae_take_the_stairs,
          uniq_blork_the_orc
D:5:      layout_basic, minmay_temple_entry_stoned_glass, serial_shops,
          nicolae_lakefront_shop, grunt_ministairs_2,
          minmay_misc_feat_more_columns, kennysheep_generic_room_15
D:6:      layout_basic, serial_rivers, chequers_serial_rivers_small_a,
          chequers_serial_rivers_micro_c, chequers_serial_rivers_micro_d,
          chequers_serial_rivers_micro_b, chequers_serial_rivers_small_a
D:7:      layout_basic, chequers_temple_overflow_statue_of_worship,
          serial_shops, shop_statue, hellmonk_ghost_happy_afterlife,
          uniq_duvessa, uniq_joseph
D:8:      layout_loops_ring, amcnicky_altar_gilded, guppyfry_early_elven_hall,
          uniq_maurice
D:9:      kennysheep_blocky_room, layout_long_grid, erik_lair_orcish_takeover
D:10:     layout_stronghold, uniq_josephine, uniq_grum
D:11:     layout_stronghold, gauntlet_entry_generic, minmay_misc_feat_cross,
          serial_bayou_lake_a
D:12:     layout_roguey, zombieorc1_lemuel, chequers_serial_rivers_micro_c,
          nzn_sisyphean_effort
D:13:     layout_loops_ring
D:14:     layout_small_grid, david_vaults_5, serial_park_square2
D:15:     gammafunk_depths_entry_grave, layout_rooms, minivault_14,
          nicolae_hexahallways, minmay_shop_chei
Lair:1:   layout_regular_city, st_stairs_13, chequers_serial_rivers_room_a,
          serial_bayou_shore_a, grunt_megastairs_4, uniq_sonja
Lair:2:   layout_layer_cave, minmay_snake_entry_six_corridors,
          grunt_megastairs_1, uniq_maggie
Lair:3:   layout_roguey, elwin_shoals_entry_stream,
          chequers_serial_rivers_micro_d, minivault_19, grunt_megastairs_3
Lair:4:   layout_regular_city, gammafunk_lair_bear_cave,
          infiniplex_staircase_pool, serial_bayou_shore_b
Lair:5:   hangedman_lair_tendril_chambers, layout_misc_corridors,
          guppyfry_lair_end_dragon, slime_entry_1,
          nicolae_lair_run_with_the_wolves, infiniplex_staircase_pool_2,
          serial_bayou_shore_b
Shoals:1: layout_shoals
Shoals:2: layout_shoals, uniq_polyphemus
Shoals:3: layout_shoals, gammafunk_ghost_necromancy
Shoals:4: shoals_end_hellmonk_lost_city
Snake:1:  layout_gridlike, uniq_kirke, uniq_roxanne
Snake:2:  layout_grid_shapes, basic_altar
Snake:3:  layout_misc_corridors, grunt_ministairs_7, uniq_mara, uniq_aizul,
          uniq_donald
Snake:4:  minmay_snake_end_coiled, layout_chambers, minmay_shop_grove
Orc:1:    layout_caves, nicolae_volcano_entry_two_sided, basic_altar,
          serial_shops, shop, shop, shop
Orc:2:    st_orc_ogre_mass, layout_diamond_mine, uniq_saint_roka
Elf:1:    eino_elf_arrival_shootout, layout_loops_corners,
          gammafunk_ghost_berserking_beasts, orc_legates,
          serial_sigils_hangedman_confine, glass_columns_a

Notes
Turn   | Place    | Note
-------+----------+-------------------------------------------
     0 | D:1      | Sanktem7 the Formicid Fighter began the quest for the Orb.
     0 | D:1      | Reached XP level 1. HP: 18/18 MP: 1/1
     0 | D:1      | magus.rc [v1.9.6]
    10 | D:1      | You fall into a shaft and drop 1 floor!
   153 | D:2      | Reached XP level 2. HP: 24/24 MP: 2/2
   273 | D:2      | Found a faded altar of an unknown god.
   655 | D:2      | Reached XP level 3. HP: 29/29 MP: 3/3
  1265 | D:1      | Reached XP level 4. HP: 37/37 MP: 4/4
  1456 | D:1      | You pick up a book of Power and begin reading...
  1456 | D:1      | You add the spells Iskenderun's Battlesphere, Iron Shot and
                  | Spellforged Servitor to your library.
  1596 | D:1      | Reached skill level 3 in Axes
  1723 | D:3      | Reached skill level 1 in Throwing
  2025 | D:3      | You pick up a book of Air and begin reading...
  2025 | D:3      | You add the spells Shock and Airstrike to your library.
  2086 | D:3      | Found the +15 Maxwell's patent armour {-Cast -Tele rElec
                  | Will+ rCorr}
  2177 | D:3      | Noticed Natasha
  2183 | D:3      | Killed Natasha
  2184 | D:3      | Reached XP level 5. HP: 35/42 MP: 5/5
  2497 | D:4      | Noticed a phantom
  2504 | D:4      | Killed a phantom
  2505 | D:4      | Reached skill level 4 in Fighting
  2505 | D:4      | Reached skill level 4 in Armour
  2543 | D:4      | Noticed Blork the orc
  2544 | D:4      | Reached XP level 6. HP: 46/48 MP: 6/6
  2559 | D:4      | Killed Blork the orc
  2560 | D:4      | Reached skill level 4 in Axes
  2560 | D:4      | Reached skill level 2 in Throwing
  2560 | D:4      | Reached skill level 5 in Shields
  2973 | D:4      | Found Kagucra's Armour Boutique.
  3011 | D:5      | Entered Level 5 of the Dungeon
  3019 | D:5      | Reached XP level 7. HP: 55/55 MP: 7/7
  3107 | D:5      | Found Ozadgha's Antique Armour Boutique.
  3203 | D:5      | Reached skill level 5 in Axes
  3309 | D:5      | Found a staircase to the Ecumenical Temple.
  3426 | D:5      | Reached skill level 5 in Fighting
  3426 | D:5      | Reached skill level 3 in Throwing
  3426 | D:5      | Reached XP level 8. HP: 62/62 MP: 8/8
  3508 | D:5      | Reached skill level 5 in Armour
  3687 | D:5      | You add the spells Alistair's Intoxication, Borgnjor's Vile
                  | Clutch and Eringya's Noxious Bog to your library.
  4096 | D:6      | Reached skill level 6 in Shields
  4137 | D:6      | You pick up a book of Lightning and begin reading...
  4137 | D:6      | You add the spells Static Discharge, Lightning Bolt and
                  | Maxwell's Capacitive Coupling to your library.
  4955 | D:7      | Reached skill level 6 in Axes
  5006 | D:7      | Found Cyud's General Store.
  5119 | D:7      | Found an iron altar of Okawaru.
  5120 | D:7      | Found an ornate altar of the Wu Jian Council.
  5121 | D:7      | Found a hide-covered altar of Uskayaw.
  5125 | D:7      | Became a worshipper of Warmaster Okawaru
  5193 | D:7      | Reached XP level 9. HP: 66/69 MP: 9/9
  5273 | D:7      | Noticed sanboga's ghost (novice MiBe)
  5286 | D:7      | Found a runed translucent door.
  5456 | D:7      | Bought 2 potions of curing for 78 gold pieces
  5456 | D:7      | Bought a scroll of identify for 26 gold pieces
  5457 | D:7      | Identified the +1 scale mail of Varoxzih {+Blink Int+5}
  5472 | D:7      | Reached skill level 4 in Throwing
  5472 | D:7      | Reached skill level 1 in Invocations
  5475 | D:7      | Reached skill level 7 in Shields
  5828 | D:7      | Noticed Duvessa
  5829 | D:7      | Noticed Dowan
  5836 | D:7      | Killed Duvessa
  5837 | D:7      | Reached skill level 6 in Fighting
  5842 | D:7      | Killed Dowan
  5843 | D:7      | Reached skill level 6 in Armour
  6024 | D:7      | Identified the amulet "Kisy" {Reflect Int+4 SH+5}
  6029 | D:7      | Noticed Joseph
  6039 | D:7      | Killed Joseph
  6039 | D:7      | Reached * piety under Okawaru
  6040 | D:7      | Reached skill level 7 in Axes
  6040 | D:7      | Reached skill level 2 in Invocations
  6138 | D:7      | Killed sanboga's ghost
  6139 | D:7      | Reached skill level 3 in Invocations
  6462 | D:8      | Found a basalt altar of Yredelemnul.
  6551 | D:8      | Reached XP level 10. HP: 68/77 MP: 12/12
  6605 | D:8      | Noticed Maurice
  6615 | D:8      | Killed Maurice
  6615 | D:8      | Reached ** piety under Okawaru
  6616 | D:8      | Reached skill level 5 in Throwing
  6616 | D:8      | Reached skill level 8 in Shields
  6622 | D:8      | Reached skill level 8 in Axes
  6642 | D:8      | Noticed a deep elf pyromancer
  6651 | D:8      | Killed a deep elf pyromancer
  6652 | D:8      | Reached skill level 7 in Fighting
  6652 | D:8      | Reached skill level 4 in Invocations
  6749 | D:8      | Reached skill level 7 in Armour
  6881 | D:8      | Reached *** piety under Okawaru
  7128 | D:8      | Identified a scroll of acquirement
  7128 | D:8      | Acquired a manual of Axes
  7350 | D:8      | Acquired a +1 executioner's axe of venom
  7351 | D:8      | r - a +1 executioner's axe of venom {axerare=g}
  7352 | D:8      | your +1 executioner's axe of venom {axerare=g} begins to
                  | drip with poison!
  7352 | D:8      | r - a +1 executioner's axe of venom (weapon) {axerare=g}
  7603 | D:9      | Reached skill level 9 in Axes
  7606 | D:9      | Reached **** piety under Okawaru
  7613 | D:9      | Reached skill level 9 in Shields
  7613 | D:9      | Reached skill level 5 in Invocations
  7613 | D:9      | Reached XP level 11. HP: 75/84 MP: 14/14
  7616 | D:9      | your +1 executioner's axe of venom {axerare=g} glows red
                  | for a moment.
  7744 | D:9      | Reached skill level 6 in Throwing
  7798 | D:9      | Found a staircase to the Lair.
  7808 | D:9      | Reached skill level 10 in Axes
  7817 | D:9      | Reached skill level 8 in Fighting
  7981 | D:9      | Noticed a manticore
  7981 | D:9      | Noticed a wizard
  7988 | D:9      | Killed a manticore
  7989 | D:9      | Reached skill level 8 in Armour
  7991 | D:9      | Killed a wizard
  7991 | D:9      | Reached ***** piety under Okawaru
  8000 | D:9      | Received a gift from Okawaru
  8401 | D:9      | Reached skill level 11 in Axes
  8737 | D:10     | Entered Level 10 of the Dungeon
  8786 | D:10     | You pick up a book of the Warp and begin reading...
  8786 | D:10     | You add the spells Dispersal and Disjunction to your
                  | library.
  8866 | D:10     | Reached skill level 10 in Shields
  9025 | D:10     | Reached skill level 12 in Axes
  9026 | D:10     | Reached skill level 7 in Throwing
  9026 | D:10     | Reached XP level 12. HP: 80/94 MP: 15/15
  9335 | D:10     | Noticed Grum
  9346 | D:10     | Killed Grum
  9347 | D:10     | Reached skill level 9 in Fighting
  9484 | D:10     | Noticed Josephine
  9498 | D:10     | Killed Josephine
  9499 | D:10     | Reached skill level 9 in Armour
  9762 | D:11     | Found a gate leading to a gauntlet.
  9768 | D:11     | Reached skill level 13 in Axes
  9774 | Gauntlet | Entered a Gauntlet
  9774 | Gauntlet | Found a transporter.
  9777 | Gauntlet | Found a transporter.
  9777 | Gauntlet | Found a transporter.
  9777 | Gauntlet | Found a transporter.
  9806 | Gauntlet | Found a transporter.
  9808 | Gauntlet | Received a gift from Okawaru
  9813 | Gauntlet | Found a transporter.
  9813 | Gauntlet | Found a transporter.
  9814 | Gauntlet | Noticed a death scarab
  9817 | Gauntlet | Identified the ring "Xaymposho" {Contam +Blink Will+ Int+4}
  9825 | Gauntlet | Found a transporter.
  9833 | Gauntlet | Killed a death scarab
  9837 | Gauntlet | Reached skill level 11 in Shields
 10072 | Gauntlet | Found a transporter.
 10072 | Gauntlet | Found a transporter.
 10085 | Gauntlet | Noticed a hell hog
 10087 | Gauntlet | Identified the +4 kite shield of Gestures {rF+ Dex+3}
                  | (Okawaru gifted it to you in a Gauntlet)
 10087 | Gauntlet | Received a gift from Okawaru
 10100 | Gauntlet | Found a runed translucent door.
 10101 | Gauntlet | Found a transporter.
 10102 | Gauntlet | Found a transporter.
 10102 | Gauntlet | Found a transporter.
 10128 | Gauntlet | Identified the +1 hat of Leapfrog {Rampage}
 10134 | Gauntlet | Killed a hell hog
 10139 | Gauntlet | Noticed a fire crab
 10393 | Gauntlet | Found a transporter.
 10395 | Gauntlet | Killed a fire crab
 10396 | Gauntlet | Reached skill level 14 in Axes
 10398 | Gauntlet | Reached skill level 8 in Throwing
 10415 | Gauntlet | Noticed a minotaur
 10423 | Gauntlet | Killed a minotaur
 10424 | Gauntlet | Reached XP level 13. HP: 87/103 MP: 14/16
 10427 | Gauntlet | Identified the +1 leather armour of the Stonemason {Int+8
                  | Dex+6}
 10499 | D:11     | You pick up a book of Conjurations {@e2} and begin
                  | reading...
 10499 | D:11     | You add the spells Magic Dart, Searing Ray and Fulminant
                  | Prism to your library.
 10866 | D:11     | Reached skill level 10 in Fighting
 11154 | D:11     | Identified the +1 leather armour of Brilliance {*Slow +Inv
                  | Int+4}
 11401 | D:11     | Reached skill level 10 in Armour
 11557 | D:12     | Reached skill level 15 in Axes
 11599 | D:12     | Found a staircase to the Orcish Mines.
 11886 | D:12     | Reached skill level 12 in Shields
 12004 | D:12     | Noticed a seven-headed hydra
 12006 | D:12     | your +2 executioner's axe of venom {axerare=g} stops
                  | dripping with poison.
 12015 | D:12     | Killed a seven-headed hydra
 12016 | D:12     | your +2 executioner's axe of venom {axerare=g} begins to
                  | drip with poison!
 12016 | D:12     | r - a +2 executioner's axe of venom (weapon) {axerare=g}
 12018 | D:12     | Noticed a boulder beetle
 12028 | D:12     | Killed a boulder beetle
 12028 | D:12     | Received a gift from Okawaru
 12104 | D:12     | Received a gift from Okawaru
 12363 | Orc:1    | Entered Level 1 of the Orcish Mines
 12386 | Orc:1    | Found Wumyrah's Magic Scroll Shop.
 12418 | Orc:1    | Found a dark tunnel.
 12427 | Volcano  | Entered a volcano
 12804 | Volcano  | Reached skill level 9 in Throwing
 13248 | Orc:1    | Noticed an ettin
 13257 | Orc:1    | Killed an ettin
 13258 | Orc:1    | Reached XP level 14. HP: 80/111 MP: 17/17
 13390 | Orc:1    | Bought a scroll of enchant weapon for 75 gold pieces
 13435 | Orc:1    | Found a radiant altar of Vehumet.
 13772 | Orc:1    | Found Eruozoi's Jewellery Shoppe.
 13830 | Orc:1    | Found Womemuts's Distillery.
 13837 | Orc:1    | Bought a potion of heal wounds for 70 gold pieces
 13837 | Orc:1    | Bought a potion of ambrosia for 112 gold pieces
 13976 | Orc:1    | your +2 executioner's axe of venom {axerare=g} glows red
                  | for a moment.
 14028 | Orc:2    | Entered Level 2 of the Orcish Mines
 14028 | Orc:2    | Noticed an orc warlord
 14036 | Orc:2    | Reached skill level 11 in Fighting
 14037 | Orc:2    | Killed an orc warlord
 14038 | Orc:2    | Reached skill level 16 in Axes
 14276 | Orc:2    | Found a staircase to the Elven Halls.
 14405 | Orc:2    | Noticed Saint Roka
 14989 | Orc:2    | HP: 24/113 [Saint Roka/divine providence (12)]
 15364 | Orc:2    | HP: 23/113 [Saint Roka/+2 long sword (14)]
 15372 | Orc:2    | Killed Saint Roka
 15373 | Orc:2    | Reached skill level 11 in Armour
 15373 | Orc:2    | Reached skill level 13 in Shields
 15689 | Orc:2    | Received a gift from Okawaru
 15719 | Orc:2    | HP: 27/113 [two-headed ogre/+0 giant club (6)]
 16134 | Orc:2    | Found Obbap's Weapon Shoppe.
 16134 | Orc:2    | Found Pirgh's Weapon Shop.
 16135 | Orc:2    | Found Zurch's Distillery.
 16135 | Orc:2    | Found Opacopu's Magic Scroll Shoppe.
 16149 | Orc:2    | Reached skill level 10 in Throwing
 16151 | Orc:2    | Reached ****** piety under Okawaru
 16461 | Orc:2    | Bought a scroll of acquirement for 728 gold pieces
 16640 | Orc:2    | Acquired a +0 pair of gloves of infusion
 16940 | D:13     | Reached XP level 15. HP: 56/120 MP: 12/18
 16942 | D:13     | Reached skill level 17 in Axes
 17505 | D:13     | Reached skill level 12 in Fighting
 17507 | D:13     | Received a gift from Okawaru
 17597 | D:13     | Reached skill level 14 in Shields
 17917 | D:13     | You pick up a book of Cantrips and begin reading...
 17917 | D:13     | You add the spells Necrotise and Apportation to your
                  | library.
 17986 | D:13     | your +3 executioner's axe of venom {axerare=g} stops
                  | dripping with poison.
 17999 | D:13     | Reached skill level 12 in Armour
 18374 | D:13     | your +3 executioner's axe of venom {axerare=g} begins to
                  | drip with poison!
 18374 | D:13     | r - a +3 executioner's axe of venom (weapon) {axerare=g}
 18475 | D:14     | Received a gift from Okawaru
 18476 | D:14     | your +3 executioner's axe of venom {axerare=g} stops
                  | dripping with poison.
 18484 | D:14     | your +3 executioner's axe of venom {axerare=g} begins to
                  | drip with poison!
 18484 | D:14     | r - a +3 executioner's axe of venom (weapon) {axerare=g}
 18507 | D:14     | Received a gift from Okawaru
 18741 | D:14     | Received a gift from Okawaru
 18893 | D:14     | Identified the +0 kite shield of Foirghur {Harm Regen+ MP-9
                  | Str+5} (Okawaru gifted it to you on level 14 of the
                  | Dungeon)
 18893 | D:14     | Received a gift from Okawaru
 19051 | D:14     | You pick up a book of Displacement and begin reading...
 19051 | D:14     | You add the spells Lesser Beckoning, Gell's Gravitas and
                  | Teleport Other to your library.
 19199 | D:14     | Found a radiant altar of Vehumet.
 19200 | D:14     | your +3 executioner's axe of venom {axerare=g} glows red
                  | for a moment.
 19452 | D:14     | Found a gate to the Vaults.
 19480 | D:15     | Entered Level 15 of the Dungeon
 19511 | D:15     | Found a staircase to the Depths.
 20037 | D:15     | Found Cheibriados's Comfort Zone.
 20037 | D:15     | Found a snail-covered altar of Cheibriados.
 20500 | D:15     | Reached skill level 18 in Axes
 20719 | Lair:1   | Entered Level 1 of the Lair of Beasts
 20754 | Lair:1   | You pick up a book of the Tundra and begin reading...
 20754 | Lair:1   | You add the spells Hailstorm and Ice Form to your library.
 20805 | Lair:1   | You pick up a book of Necromancy and begin reading...
 20805 | Lair:1   | You add the spells Vampiric Draining and Agony to your
                  | library.
 20844 | Lair:1   | Noticed Sonja
 20851 | Lair:1   | Killed Sonja
 21841 | Lair:2   | Reached skill level 15 in Shields
 22212 | Lair:2   | Found a staircase to the Snake Pit.
 22220 | Lair:2   | Reached XP level 16. HP: 129/129 MP: 15/19
 22266 | Lair:2   | Reached skill level 13 in Fighting
 22417 | Lair:2   | your +4 executioner's axe of venom {axerare=g} glows red
                  | for a moment.
 22456 | Lair:2   | Noticed Maggie
 22461 | Lair:2   | Received a gift from Okawaru
 22467 | Lair:2   | Killed Maggie
 22564 | Lair:2   | Identified the +6 hand axe of Bankruptcy {holy, rN+ Str+5
                  | Dex+2}
 22584 | Lair:2   | your +5 executioner's axe of venom {axerare=g} glows red
                  | for a moment.
 22655 | Lair:2   | Reached skill level 13 in Armour
 23065 | Lair:3   | Received a gift from Okawaru
 23328 | Lair:3   | Found a staircase to the Shoals.
 23874 | Lair:3   | You pick up a book of Maledictions and begin reading...
 23874 | Lair:3   | You add the spells Anguish and Enfeeble to your library.
 24127 | Lair:2   | Received a gift from Okawaru
 24786 | Lair:4   | Identified the +1 broad axe of the Twenty Wonders {pain,
                  | *Noise rElec rC+++ rN+}
 25503 | Lair:5   | Entered Level 5 of the Lair of Beasts
 25524 | Lair:5   | Identified the +10 war axe of Jadwynerr {freeze, rPois
                  | Will++ Str+2 SInv} (Okawaru gifted it to you on level 5 of
                  | the Lair of Beasts)
 25524 | Lair:5   | Received a gift from Okawaru
 26092 | Lair:5   | You pick up a book of Displacement and begin reading...
 26347 | Lair:5   | your +6 executioner's axe of venom {axerare=g} stops
                  | dripping with poison.
 26361 | Lair:5   | Found the +4 robe of Folly {Brilliance Will-∞ Int+8}
 26375 | Lair:5   | Reached skill level 19 in Axes
 26389 | Lair:5   | your +6 executioner's axe of venom {axerare=g} begins to
                  | drip with poison!
 26389 | Lair:5   | r - a +6 executioner's axe of venom (weapon) {axerare=g}
 26418 | Lair:5   | Reached skill level 6 in Invocations
 26441 | Lair:5   | Identified the amulet of the Distant Future {Spirit -Cast
                  | Will+++ Str-3 Stlth+}
 26515 | Lair:5   | Found a staircase to the Slime Pits.
 26515 | Lair:5   | Found the +11 plutonium sword {Contam Stlth-}
 26516 | Lair:5   | Found a viscous altar of Jiyva.
 26678 | Lair:5   | Reached skill level 16 in Shields
 26845 | Lair:5   | Received a gift from Okawaru
 27053 | Lair:5   | Reached XP level 17. HP: 131/138 MP: 8/21
 27658 | Snake:1  | Entered Level 1 of the Snake Pit
 27659 | Snake:1  | Noticed Kirke
 27661 | Snake:1  | your +6 executioner's axe of venom {axerare=g} stops
                  | dripping with poison.
 27662 | Snake:1  | Identified Roxanne's Guide on the Ground
 27662 | Snake:1  | Noticed Roxanne
 27672 | Snake:1  | Killed Kirke
 27708 | Snake:1  | Reached skill level 14 in Fighting
 27712 | Snake:1  | Reached skill level 7 in Invocations
 27723 | Lair:2   | HP: 31/139 [poisoned by a naga mage (bolt of poison)]
 27728 | Lair:2   | HP: 27/139 [poisoned by a naga mage (bolt of poison)]
 28074 | Lair:2   | your +6 executioner's axe of venom {axerare=g} begins to
                  | drip with poison!
 28074 | Lair:2   | r - a +6 executioner's axe of venom (weapon) {axerare=g}
 28654 | Snake:1  | You pick up a book of Conjurations {@e2} and begin
                  | reading...
 29039 | Snake:1  | your +6 executioner's axe of venom {axerare=g} stops
                  | dripping with poison.
 29134 | Snake:2  | You pick up a book of Spectacle and begin reading...
 29134 | Snake:2  | You add the spells Dazzling Flash, Iskenderun's Mystic
                  | Blast and Starburst to your library.
 29407 | Snake:2  | Found an ancient bone altar of Kikubaaqudgha.
 29427 | Snake:2  | Received a gift from Okawaru
 29428 | Snake:2  | Reached skill level 14 in Armour
 30530 | Snake:3  | Noticed Donald
 30547 | Snake:3  | Killed Donald
 30549 | Snake:3  | a +3 double sword of holy wrath {longrare=g}; a +1 chain
                  | mail of cold resistance; a +0 kite shield
 30729 | Snake:3  | F - a +3 double sword of holy wrath {longrare=g}
 30845 | Snake:3  | Reached skill level 8 in Invocations
 30854 | Snake:3  | Identified the +2 robe of Springtime {Regen+ Int+4}
                  | (Okawaru gifted it to you on level 3 of the Snake Pit)
 30854 | Snake:3  | Received a gift from Okawaru
 31297 | Snake:3  | You add the spells Ignite Poison, Mephitic Cloud and
                  | Freezing Cloud to your library.
 31603 | Snake:3  | Noticed Aizul
 31616 | Snake:3  | Killed Aizul
 31680 | Snake:3  | You pick up a book of the Earth and begin reading...
 31680 | Snake:3  | You add the spells Leda's Liquefaction, Lee's Rapid
                  | Deconstruction and Statue Form to your library.
 31694 | Snake:3  | You drop a +3 double sword of holy wrath {longrare=g}.
 31701 | Snake:3  | your +6 executioner's axe of venom {axerare=g} projects an
                  | invisible shield of force!
 31701 | Snake:3  | r - a +6 executioner's axe of protection {axerare=g}
 31703 | Snake:3  | Acquired 645 gold pieces
 31722 | Snake:3  | F - a +3 double sword of holy wrath {longrare=g}
 31773 | Snake:3  | Noticed Mara
 31796 | Snake:4  | Entered Level 4 of the Snake Pit
 32026 | Snake:4  | Reached skill level 20 in Axes
 32068 | Snake:4  | Found Detheij's Jewellery Shoppe.
 32068 | Snake:4  | Found Kohilusch's Book Boutique.
 32069 | Snake:4  | Found Kiseaschamm's Jewellery Shoppe.
 32200 | Snake:4  | Reached skill level 17 in Shields
 32239 | Snake:3  | Reached XP level 18. HP: 63/147 MP: 0/24
 33670 | Snake:4  | Reached skill level 9 in Invocations
 33809 | Snake:4  | Got a serpentine rune of Zot
 33810 | Snake:4  | Replace inscription with what? longrare=g
 33810 | Snake:4  | You drop a +3 double sword of holy wrath {longrare=g}.
 34009 | Lair:2   | Found a staircase to the Snake Pit.
 34837 | Lair:2   | your +6 executioner's axe of protection {axerare=g} hums
                  | with potential!
 34837 | Lair:2   | r - a +6 executioner's axe of protection (weapon)
                  | {axerare=g}
 34982 | Elf:1    | Entered Level 1 of the Elven Halls
 34990 | Elf:1    | Received a gift from Okawaru
 35099 | Elf:1    | Noticed nshep25's ghost (journeyman MiFi)
 35279 | Elf:1    | your +6 executioner's axe of protection {axerare=g} is
                  | covered with a thin layer of ice!
 35279 | Elf:1    | r - a +6 executioner's axe of freezing (weapon) {axerare=g}
 35280 | Elf:1    | Found a transporter.
 35458 | Elf:1    | Reached skill level 15 in Fighting
 35523 | Elf:1    | Noticed a caustic shrike
 35532 | Elf:1    | Noticed an iron giant
 35532 | Elf:1    | a shadow dragon changed into an iron giant
 35554 | Elf:1    | HP: 37/149 [deep elf archer/arrow (17)]
 35559 | Elf:1    | HP: 30/149 [deep elf archer/arrow (7)]
 35564 | Elf:1    | HP: 22/149 [deep elf archer/arrow (10)]
 35569 | Elf:1    | HP: 11/149 [deep elf archer/arrow (10)]
 36243 | Elf:1    | Reached skill level 15 in Armour
 36304 | Elf:1    | Found a transporter.
 36600 | Elf:1    | Received a gift from Okawaru
 36604 | Elf:1    | Found a runed translucent gate.
 36604 | Elf:1    | Found a runed translucent gate.
 36604 | Elf:1    | Found a runed translucent gate.
 36604 | Elf:1    | Found a runed translucent gate.
 36604 | Elf:1    | Found a runed translucent gate.
 36605 | Elf:1    | Found a runed translucent gate.
 36639 | Elf:1    | You pick up a book of Blasting and begin reading...
 37294 | Shoals:1 | Entered Level 1 of the Shoals
 37304 | Shoals:1 | Received a gift from Okawaru
 38579 | Shoals:2 | Reached skill level 10 in Invocations
 38954 | Shoals:2 | Reached XP level 19. HP: 137/155 MP: 21/26
 39227 | Shoals:2 | Noticed Polyphemus
 39238 | Shoals:2 | Reached skill level 21 in Axes
 39251 | Shoals:2 | Killed Polyphemus
 39251 | Shoals:2 | Received a gift from Okawaru
 39252 | Shoals:2 | Reached skill level 18 in Shields
 39938 | Shoals:2 | Received a gift from Okawaru
 41173 | Shoals:3 | Found a runed translucent gate.
 41173 | Shoals:3 | Found a runed translucent gate.
 41173 | Shoals:3 | Found a runed translucent gate.
 41174 | Shoals:3 | Noticed Bityczex's ghost (adept DEFE)
 41704 | Shoals:3 | Killed Bityczex's ghost
 41918 | Shoals:3 | your +6 executioner's axe of freezing {axerare=g} glows red
                  | for a moment.
 41950 | Shoals:4 | Entered Level 4 of the Shoals
 41956 | Shoals:4 | Reached skill level 11 in Invocations
 43407 | Shoals:4 | Received a gift from Okawaru
 43419 | Shoals:4 | HP: 34/157 [drowned by a water nymph (7)]
 43423 | Shoals:4 | HP: 9/157 [drowned by a water nymph (12)]
 43424 | Shoals:4 | HP: 1/157 [drowned by a water nymph (9)]
 43425 | Shoals:4 | Killed from afar by a manticore

Vanquished Creatures
  Saint Roka (Orc:2)
  A kraken (Shoals:2)
  Kirke (Snake:1)
  Polyphemus (Shoals:2)
  A storm dragon (Elf:1)
  Donald (Snake:3)
  6 nagarajas
  An orc warlord (Orc:2)
  An iron dragon (Elf:1)
  Aizul (Snake:3)
  The ghost of Bityczex the Eclecticist, an adept DEFE of Sif Muna (Shoals:3)
  2 deep elf demonologists (Elf:1)
  A minotaur (Gauntlet)
  3 merfolk javelineers
  Josephine (D:10)
  3 fire dragons
  5 merfolk impalers
  An ettin (Orc:1)
  A deep elf high priest (Elf:1)
  4 salamander tyrants
  A boulder beetle (D:12)
  A vault guard (D:14)
  6 hydras
  A catoblepas (Shoals:2)
  4 merfolk avatars
  4 ogre magi (Orc:2)
  An alligator snapping turtle (Shoals:3)
  16 two-headed ogres
  7 anacondas
  7 naga warriors
  5 centaur warriors
  4 satyrs
  5 merfolk aquamancers
  4 dancing weapons (Elf:1)
  A satyr (shapeshifter) (D:14)
  A death scarab (Gauntlet)
  A hell hog (Gauntlet)
  6 shock serpents
  2 death yaks (Shoals:2)
  A vampire mage (D:15)
  5 naga sharpshooters
  Sonja (Lair:1)
  The ghost of sanboga the Basher, a novice MiBe of Trog (D:7)
  A fire crab (Gauntlet)
  2 salamander mystics
  2 deep elf knights (Elf:1)
  3 skeletal warriors
  2 naga ritualists (Snake:2)
  3 sea snakes (Shoals:4)
  A golden dragon zombie (D:15)
  A spectral hydra (Gauntlet)
  A swamp dragon (Lair:5)
  8 deep elf archers
  A wizard (D:9)
  17 harpies
  2 necromancers
  A stone giant zombie (D:15)
  3 wolf spiders (Lair:5)
  7 mana vipers
  16 deep elf pyromancers
  6 deep elf zephyrmancers (Elf:1)
  3 orc sorcerers
  6 ugly things
  7 cyclopes
  20 manticores
  7 fauns
  9 salamanders
  10 elephants
  9 naga magi
  Maurice (D:8)
  9 merfolk sirens
  33 black mambas
  2 torpor snails
  13 cane toads
  7 water nymphs
  2 unseen horrors
  2 guardian serpents
  Joseph (D:7)
  2 gargoyles
  6 rime drakes
  A freezing wraith (D:14)
  2 kobold demonologists
  7 komodo dragons
  Maggie (Lair:2)
  An efreet (D:14)
  A komodo dragon (shapeshifter) (D:15)
  3 spectral merfolk (Shoals:3)
  A yaktaur (D:14)
  4 trolls
  24 merfolk
  3 hornets (Lair:5)
  A polar bear (Lair:4)
  3 wind drakes
  An ettin zombie (D:15)
  18 slime creatures
  7 blink frogs
  8 dream sheep
  4 snapping turtles
  7 wraiths
  2 air elementals (Elf:1)
  18 water elementals
  A shadow (D:10)
  76 yaks
  12 wyverns
  A hog (Snake:1)
  A ynoxinul (Gauntlet)
  10 fire bats (Gauntlet)
  4 humans (Snake:1)
  Grum (D:10)
  A vampire (D:11)
  9 fire elementals
  A redback (Lair:5)
  7 basilisks
  3 steam dragons (Lair:5)
  2 sea snake simulacra (Shoals:3)
  10 vampire mosquitoes
  3 wargs
  A harpy simulacrum (Shoals:3)
  6 hell hounds
  31 nagas
  2 acid dragons (Lair:5)
  24 water moccasins
  Duvessa (D:7)
  19 orc warriors
  A sky beast (D:7)
  A floating eye zombie (D:15)
  A satyr simulacrum (Shoals:3)
  A black bear (Lair:4)
  27 wolves
  7 centaurs
  27 ogres
  4 kobold brigands
  4 phantoms
  Blork the orc (D:4)
  14 bullfrogs
  A gnoll sergeant (D:9)
  A necrophage (D:6)
  A merfolk simulacrum (Shoals:3)
  2 scorpions
  9 wights
  Dowan (D:7)
  2 manticore simulacra (Shoals:3)
  5 killer bees (D:11)
  13 electric eels
  7 howler monkeys
  3 jellies
  14 orc priests
  4 hounds
  2 gnoll boudas
  2 iron imps (Gauntlet)
  18 orc wizards
  8 iguanas
  Natasha (D:3)
  6 ogre zombies (D:12)
  5 adders
  13 gnolls
  A shadow imp (D:7)
  2 white imps
  3 dart slugs
  60 orcs
  7 bats
  9 endoplasms
  4 giant cockroaches
  9 goblins
  6 hobgoblins
  7 jackals
  21 kobolds
  4 quokkas
  8 ball pythons
  2 frilled lizards
  4 goblin zombies (D:12)
  5 hobgoblin zombies (D:12)
  2 orc skeletons (D:12)
  8 orc zombies (D:12)
  4 tentacles (Shoals:2)
1063 creatures vanquished.

Vanquished Creatures (others)
  2 deep elf knights (Elf:1)
  A deep elf zephyrmancer (Elf:1)
  2 harpies (Shoals:4)
  A human (Snake:1)
  An orc (Elf:1)
  27 bushes (D:14)
  23 fungi
  130 plants
  4 tentacles (Shoals:2)
  2 withered plants
193 creatures vanquished.

Grand Total: 1256 creatures vanquished

Table legend:
 A = Non-vault XP
 B = Vault XP
 C = Vault XP percentage of total XP
 D = Non-vault monster count
 E = Vault monster count
 F = Vault count percentage of total count
                 A         B        C        D         E       F
            +---------+---------+-------+---------+---------+-------
      Total |  190752 |  131129 |  40.7 |     701 |     358 |  33.8
            +---------+---------+-------+---------+---------+-------
        D:1 |      64 |       0 |   0.0 |      26 |       0 |   0.0
        D:2 |      32 |       0 |   0.0 |      17 |       0 |   0.0
        D:3 |      22 |      35 |  61.4 |      10 |       1 |   9.1
        D:4 |     252 |      91 |  26.5 |      25 |       1 |   3.8
        D:5 |     582 |      59 |   9.2 |      17 |       4 |  19.0
        D:6 |     493 |       0 |   0.0 |      15 |       0 |   0.0
        D:7 |     825 |    1380 |  62.6 |      24 |       4 |  14.3
        D:8 |    2048 |    1029 |  33.4 |      22 |       2 |   8.3
        D:9 |    3230 |    2590 |  44.5 |      23 |      15 |  39.5
       D:10 |    4182 |    2226 |  34.7 |      20 |       9 |  31.0
       D:11 |    4156 |       0 |   0.0 |      25 |       0 |   0.0
       D:12 |    4205 |    1902 |  31.1 |      21 |      30 |  58.8
       D:13 |    7489 |       0 |   0.0 |      15 |       0 |   0.0
       D:14 |   10976 |    4846 |  30.6 |      24 |       7 |  22.6
       D:15 |    3351 |    4674 |  58.2 |       9 |       8 |  47.1
     Lair:1 |    1180 |    1482 |  55.7 |       8 |       8 |  50.0
     Lair:2 |    7339 |    2633 |  26.4 |      31 |      10 |  24.4
     Lair:3 |    3240 |    2461 |  43.2 |      17 |       7 |  29.2
     Lair:4 |    5820 |     468 |   7.4 |      23 |       3 |  11.5
     Lair:5 |   11989 |   16520 |  57.9 |      47 |      61 |  56.5
   Shoals:1 |    7939 |       0 |   0.0 |      16 |       0 |   0.0
   Shoals:2 |   20447 |    3900 |  16.0 |      38 |       4 |   9.5
   Shoals:3 |   19437 |    5854 |  23.1 |      42 |      16 |  27.6
   Shoals:4 |    9072 |    6477 |  41.7 |      18 |      10 |  35.7
    Snake:1 |    7486 |    1673 |  18.3 |      15 |       2 |  11.8
    Snake:2 |   17303 |       0 |   0.0 |      32 |       0 |   0.0
    Snake:3 |   13358 |    3538 |  20.9 |      24 |       4 |  14.3
    Snake:4 |    7194 |   15625 |  68.5 |      14 |      29 |  67.4
      Orc:1 |    3496 |     129 |   3.6 |      39 |       1 |   2.5
      Orc:2 |    3328 |   20870 |  86.2 |      25 |      49 |  66.2
      Elf:1 |   10217 |   16674 |  62.0 |      19 |      31 |  62.0
    Volcano |       0 |    6380 | 100.0 |       0 |      18 | 100.0
   Gauntlet |       0 |    7613 | 100.0 |       0 |      24 | 100.0
            +---------+---------+-------+---------+---------+-------

Illustrated notes

Table legend:
 A = Kills in this place as a percentage of kills in entire the game.
 B = Kills by you in this place as a percentage of kills by you in the entire game.
 C = Kills by friends in this place as a percentage of kills by friends in the entire game.
 D = Other kills in this place as a percentage of other kills in the entire game.
 E = Experience gained in this place as a percentage of experience gained in the entire game.
 F = Experience gained in this place divided by the number of levels of this place that you have seen.
                   A       B       C       D       E      F
               +-------+-------+-------+-------+-------+----------------------
         Total | 100.0 | 100.0 |   N/A | 100.0 | 100.0 | 9754.0
       Dungeon |  35.3 |  35.5 |   N/A |   0.0 |  18.9 | 4049.3
          Lair |  20.3 |  20.4 |   N/A |   0.0 |  16.5 | 10626.4
        Shoals |  13.6 |  13.5 |   N/A |  50.0 |  22.7 | 18281.5
     Snake Pit |  11.3 |  11.4 |   N/A |   0.0 |  20.6 | 16544.2
  Orcish Mines |  10.8 |  10.8 |   N/A |   0.0 |   8.6 | 13911.5
   Elven Halls |   4.7 |   4.5 |   N/A |  50.0 |   8.4 | 26891.0
       Volcano |   1.7 |   1.7 |   N/A |   0.0 |   2.0 | 6380.0
      Gauntlet |   2.3 |   2.3 |   N/A |   0.0 |   2.4 | 7613.0
               +-------+-------+-------+-------+-------+----------------------

Table legend: (Time is in decaauts)
 A = Elapsed time spent in this place.
 B = Non-inter-level travel time spent in this place.
 C = Inter-level travel time spent in this place.
 D = Time resting spent in this place.
 E = Time spent auto-exploring this place.
 F = Levels seen in this place.
 G = Mean time per level.
                   A        B        C        D        E       F      G
               +--------+--------+--------+--------+--------+-----+--------+
         Total |  43993 |  42325 |   1668 |   6587 |  29186 |  33 | 1333.1 |
       Dungeon |  16292 |  15524 |    768 |    326 |  12632 |  15 | 1086.1 |
          Lair |   8587 |   8266 |    321 |    742 |   6556 |   5 | 1717.4 |
        Shoals |   6061 |   5932 |    129 |   1876 |   3111 |   4 | 1515.2 |
     Snake Pit |   5844 |   5605 |    239 |    803 |   3902 |   4 | 1461.0 |
  Orcish Mines |   3990 |   3897 |     93 |   2005 |   1449 |   2 | 1995.0 |
   Elven Halls |   1757 |   1640 |    117 |     92 |   1150 |   1 | 1757.0 |
       Volcano |    787 |    787 |      0 |    261 |    370 |   1 |  787.0 |
      Gauntlet |    670 |    670 |      0 |    482 |     15 |   1 |  670.0 |
               +--------+--------+--------+--------+--------+-----+--------+

Top non-repeatable levels by time:
  Lair:2: 2805 daAuts
Shoals:3: 2377 daAuts
Shoals:2: 2174 daAuts
   Orc:1: 2125 daAuts
  Lair:5: 2109 daAuts
   Orc:2: 1865 daAuts
 Snake:4: 1862 daAuts
   Elf:1: 1757 daAuts
    D:13: 1627 daAuts
     D:7: 1549 daAuts
 Snake:3: 1482 daAuts
 Snake:2: 1365 daAuts
  Lair:3: 1343 daAuts
     D:9: 1297 daAuts
    D:11: 1206 daAuts
